Map: Deathaura LE

Players

ExpecT - Winner!

  • Race: Terran Terran
  • Spawn Location: 5:00

GogojOey

  • Race: Zerg Zerg
  • Spawn Location: 11:00

Event: DreamHack SC2 Masters 2020 Summer TwHkMoJp

VOD

Have the link to the VOD?

Description

Time

  • Played on: June 24, 2020, 7:17 a.m.
  • Length: 14:29

All games in this series

Show
View Real Time Build Order
Export as new Build Order

ExpecT Terran - Winner!

Build Orders: Reaper Expand, Banshee Rush 

Get SALT Encoding   

  12  0:01  SCV  
  13  0:13  SCV  
  14  0:16  Supply Depot  
  14  0:25  SCV  
  15  0:38  SCV  
  15  0:40  Barracks  
  16  0:44  Refinery  
  16  0:50  SCV  
  17  1:02  SCV  
  18  1:14  SCV  
  19  1:27  Orbital Command  
  19  1:28  Reaper  
  20  1:39  Command Center  
  20  1:49  Supply Depot  
  20  1:53  SCV  
  21  2:00  Marine  
  22  2:05  Factory  
  22  2:07  SCV  
  23  2:18  Refinery  
  23  2:20  SCV  
  23  2:22  Barracks Reactor  
  24  2:32  SCV  
  25  2:44  SCV  
  26  2:53  Starport  
  26  2:55  Orbital Command  
  26  2:56  SCV  
  27  3:04  Hellion x2  
  31  3:07  Barracks Tech Lab  
  31  3:08  SCV  
  32  3:18  Supply Depot  
  32  3:21  SCV x2  
  34  3:27  Hellion x2  
  38  3:35  SCV x2  
  38  3:36  Banshee, Cloaking Field  
  38  3:40  Supply Depot  
  43  3:42  Barracks Tech Lab  
  43  3:48  SCV x2  
  45  4:01  Command Center  
  45  4:03  SCV x2  
  45  4:09  Stimpack, Marine  
  48  4:15  SCV x2  
  50  4:20  Factory Reactor  
  50  4:23  Barracks  
  50  4:24  Banshee  
  50  4:30  Barracks  
  50  4:31  SCV x2  
  55  4:36  Marine  
  56  4:43  Engineering Bay  
  56  4:44  Engineering Bay  
  56  4:46  SCV  
  56  4:47  SCV  
  56  4:49  Supply Depot  
  58  4:55  Marine  
  58  4:58  SCV  
  58  4:59  SCV  
  61  5:05  Refinery  
  61  5:06  Refinery  
  61  5:15  Starport Reactor  
  61  5:16  Terran Infantry Weapons Level 1, Terran Infantry Armor Level 1, Orbital Command  
  61  5:17  SCV x2  
  61  5:18  Marine x3  
  66  5:28  Marine x2  
  66  5:35  SCV x2  
  70  5:36  Siege Tank  
  70  5:39  Supply Depot  
  70  5:40  Marine x3  
  76  5:46  Marine x2  
  76  5:48  Orbital Command  
  78  5:52  SCV x2  
  80  5:57  Marine  
  80  5:58  Combat Shield, Marine  
  80  5:59  Marine  
  80  6:00  Barracks x2  
  80  6:04  Marine x2  
  83  6:07  Medivac x2  
  90  6:11  SCV x2  
  90  6:13  Supply Depot  
  90  6:14  Supply Depot  
  90  6:15  Marine, SCV  
  93  6:30  Armory  
  93  6:34  Marine x4  
  93  6:35  Siege Tank, Marine, SCV x3  
  104  6:42  Supply Depot  
  104  6:43  Supply Depot  
  104  6:47  SCV x3  
  104  6:48  Barracks Reactor x2  
  104  6:52  Marine x2  
  109  6:58  Refinery  
  109  7:03  Marine x2, SCV x2, Medivac x2  
  109  7:05  Marine, SCV  
  109  7:08  Supply Depot x2  
  119  7:09  Siege Tank  
  119  7:10  Marine  
  119  7:11  Supply Depot  
  123  7:15  SCV x2  
  125  7:29  Marine x5, SCV x3  
  133  7:32  Terran Infantry Weapons Level 2  
  133  7:34  Supply Depot  
  133  7:35  Supply Depot  
  132  7:41  SCV  
  132  7:42  SCV  
  132  7:43  Missile Turret  
  131  7:44  Missile Turret  
  131  7:47  Marine x3  
  131  7:48  Missile Turret  
  131  7:49  Missile Turret  
  131  7:50  SCV  
  135  7:53  Marine x3  
  135  7:54  SCV x2  
  137  8:01  Factory  
  137  8:04  Marine x2  
  137  8:05  Marine x4  
  139  8:07  Medivac  
  139  8:11  Marine  
  139  8:15  Siege Tank  
  139  8:16  Marine x2  
  139  8:18  SCV x3  
  147  8:22  Marine  
  139  8:31  Marine  
  139  8:32  Marine x4  
  134  8:34  Medivac  
  134  8:37  Terran Infantry Armor Level 2, Medivac  
  134  8:40  Supply Depot  
  138  8:44  Marine x2  
  138  8:46  Marine x2  
  138  8:47  Thor  
  148  8:49  Marine x2, Factory Reactor  
  148  8:50  Drilling Claws  
  148  8:54  Supply Depot  
  150  8:56  Supply Depot  
  150  9:03  Marine  
  149  9:13  Marine x2  
  144  9:22  Marine  
  144  9:23  Marine  
  141  9:25  Medivac x2  
  141  9:27  Marine x4, Marauder, Widow Mine x2  
  141  9:30  Thor  
  155  9:38  Marine  
  155  9:39  Marine  
  155  9:40  Marine x2  
  155  9:42  Command Center  
  155  9:45  Marine  
  148  9:48  Widow Mine x2  
  148  9:52  Missile Turret  
  152  9:54  Missile Turret  
  152  9:56  Terran Infantry Weapons Level 3, Barracks  
  152  9:57  Barracks  
  152  9:59  Barracks  
  152  10:03  Marine x4  
  152  10:04  Marauder, Marine  
  159  10:11  Widow Mine x2  
  159  10:12  Thor  
  159  10:13  Marine x3  
  170  10:21  Marine x5  
  165  10:23  Supply Depot, Terran Vehicle And Ship Armor Level 1  
  165  10:24  Supply Depot  
  165  10:25  Marauder, Supply Depot  
  172  10:30  Marine, Medivac x2  
  172  10:31  Marine x2  
  179  10:37  Widow Mine  
  181  10:44  Marine x5  
  181  10:45  Widow Mine  
  181  10:46  Marine  
  181  10:47  Marine  
  189  10:51  Marine  
  189  10:52  Marine x2  
  186  11:03  Barracks Tech Lab x2  
  185  11:04  Marine  
  185  11:05  Marauder, Marine x3, Command Center  
  185  11:08  Barracks Tech Lab  
  136  11:19  Marine x4  
  136  11:20  Thor  
  136  11:21  Widow Mine x2  
  136  11:22  Marine  
  144  11:26  Marauder  
  144  11:27  Marine  
  144  11:28  Marauder, Marine  
  144  11:31  Marauder, Marine x2  
  148  11:35  Terran Infantry Armor Level 3  
  148  11:37  Marine x3  
  146  11:41  Marine x2  
  146  11:43  Widow Mine x2  
  152  11:48  Marauder, Marine x3  
  152  11:49  Marauder, Marine  
  152  11:52  Marine  
  161  11:55  Medivac x2  
  161  12:03  Thor  
  167  12:10  Marine x2  
  167  12:11  Marauder x4, Marine x3  
  179  12:17  Marine x3  
  182  12:28  Marine x4  
  182  12:29  Marine  
  174  12:32  Marauder x2, Marine  
  174  12:33  Marauder, Medivac x2  
  174  12:34  Marine  
  176  12:46  Marine  
  176  12:47  Marine x3  
  176  12:50  Marauder  
  180  12:51  Planetary Fortress  
  180  12:52  Marine x4  
  180  12:53  Marine x3  
  182  13:04  Marine  
  182  13:05  Marine x3  
  184  13:10  Marine  
  184  13:11  Marauder  
  187  13:13  Marine x2  
  187  13:14  Marauder  
  187  13:19  Missile Turret  
  191  13:20  Missile Turret  
  191  13:35  Marine  
  191  13:36  Marauder x2, Marine x4  
  188  13:59  Marine  
  188  14:00  Marauder x2, Marine x7  
  194  14:10  Missile Turret  
  194  14:14  Missile Turret  
Show
View Real Time Build Order
Export as new Build Order

GogojOey Zerg 

Build Orders: Hatch First, Muta Ling Bane 

Get SALT Encoding   

  12  0:00  Drone  
  13  0:12  Overlord  
  13  0:16  Drone  
  14  0:31  Drone x2  
  16  0:48  Hatchery  
  15  0:53  Drone  
  15  0:55  Drone  
  17  0:58  Drone  
  18  1:09  Extractor  
  17  1:16  Spawning Pool  
  17  1:17  Drone  
  17  1:20  Drone  
  18  1:28  Drone  
  19  1:39  Drone  
  20  1:49  Drone  
  21  2:02  Queen  
  21  2:03  Queen  
  21  2:04  Zergling x4  
  27  2:10  Overlord  
  27  2:19  Hatchery  
  27  2:21  Drone  
  27  2:25  Drone  
  28  2:32  Drone x2  
  28  2:34  Drone  
  31  2:41  Queen  
  33  2:51  Overlord  
  33  2:52  Drone  
  33  2:53  Metabolic Boost  
  33  2:55  Drone  
  35  2:58  Drone  
  36  3:09  Drone x2  
  38  3:15  Drone  
  38  3:16  Drone, Queen  
  42  3:20  Overlord  
  42  3:22  Drone x2  
  44  3:34  Overlord  
  44  3:35  Drone x2, Queen  
  44  3:37  Drone  
  49  3:44  Drone  
  49  3:45  Drone  
  49  3:48  Lair  
  51  3:52  Drone x2, Overlord  
  51  3:53  Drone  
  51  3:54  Drone  
  51  3:55  Drone  
  56  3:59  Queen  
  58  4:04  Extractor  
  58  4:05  Extractor  
  58  4:06  Zergling x2  
  58  4:07  Extractor, Zergling x4  
  58  4:09  Drone x2  
  60  4:14  Drone  
  60  4:16  Baneling Nest  
  60  4:17  Drone x2  
  62  4:21  Overlord  
  62  4:26  Zergling x2  
  62  4:27  Drone x3  
  62  4:28  Drone  
  67  4:32  Spore Crawler  
  67  4:35  Spore Crawler  
  67  4:36  Spore Crawler  
  67  4:37  Drone x2  
  66  4:40  Drone  
  66  4:41  Drone x2  
  66  4:43  Drone  
  70  4:52  Drone x5  
  75  4:59  Spire  
  74  5:03  Centrifical Hooks  
  74  5:05  Drone x2  
  74  5:06  Drone  
  77  5:08  Drone x2  
  77  5:11  Overseer  
  77  5:13  Drone x3  
  82  5:29  Extractor  
  82  5:30  Extractor  
  82  5:34  Overseer  
  82  5:35  Zergling x4  
  82  5:36  Overlord x3  
  82  5:41  Overlord x2  
  82  5:44  Overlord  
  79  5:50  Queen  
  79  5:56  Drone x2  
  83  6:06  Zergling x8  
  83  6:07  Zergling x14  
  83  6:10  Drone  
  95  6:12  Drone x2  
  95  6:17  Drone  
  95  6:18  Drone x3  
  100  6:19  Baneling x3  
  100  6:20  Baneling  
  100  6:26  Mutalisk x4, Zerg Flyer Weapons Level 1  
  100  6:29  Overlord  
  100  6:32  Hatchery, Mutalisk  
  108  6:35  Baneling x2  
  109  6:41  Mutalisk  
  109  6:46  Mutalisk  
  113  6:51  Drone x2  
  113  6:52  Drone x5  
  120  6:54  Queen  
  120  6:57  Mutalisk x2  
  120  6:58  Hatchery  
  125  7:03  Mutalisk  
  125  7:05  Zergling x4  
  125  7:06  Overlord x2  
  129  7:11  Overlord  
  129  7:13  Baneling x3  
  129  7:17  Evolution Chamber, Overlord  
  129  7:19  Zergling x2  
  129  7:20  Evolution Chamber, Overlord x2  
  129  7:21  Baneling x2  
  129  7:22  Baneling  
  128  7:24  Zergling x2  
  128  7:27  Baneling x8  
  130  7:30  Zergling x6  
  133  7:37  Zergling x12  
  133  7:41  Zergling x2  
  133  7:42  Baneling x3  
  139  7:49  Zergling x6  
  142  7:52  Zergling x6  
  142  7:55  Overseer  
  142  7:56  Zerg Melee Weapons Level 1, Zerg Ground Armor Level 1  
  136  8:07  Mutalisk x2  
  136  8:08  Zergling x8  
  136  8:11  Zergling x2  
  144  8:14  Zergling x4  
  144  8:16  Spore Crawler, Extractor  
  143  8:20  Zergling x6  
  143  8:24  Zergling x8  
  139  8:30  Mutalisk  
  139  8:31  Mutalisk x3  
  144  8:34  Zergling x12  
  144  8:39  Drone  
  151  8:42  Mutalisk, Infestation Pit  
  151  8:44  Zergling x2  
  151  8:45  Zergling x10  
  158  8:54  Drone x2  
  161  8:55  Drone x3  
  161  8:56  Drone x2  
  165  9:02  Zergling x2  
  165  9:03  Zergling x2  
  165  9:04  Baneling x6  
  155  9:15  Zergling x22  
  142  9:24  Mutalisk x5  
  142  9:26  Zergling x8  
  151  9:36  Drone  
  151  9:37  Drone x3  
  151  9:38  Drone  
  153  9:40  Mutalisk x3  
  154  9:46  Drone x3  
  157  9:56  Zerg Ground Armor Level 2  
  157  9:57  Zergling x2  
  157  9:58  Overlord x3  
  157  9:59  Overlord  
  158  10:03  Overlord x2  
  158  10:05  Overlord x2  
  158  10:10  Hatchery, Overlord  
  158  10:14  Zerg Melee Weapons Level 2, Zergling x2  
  157  10:18  Hive, Zergling x22  
  157  10:20  Drone  
  169  10:27  Spine Crawler x2  
  167  10:29  Overseer  
  167  10:30  Overseer, Pneumatized Carapace  
  167  10:35  Zergling x20  
  177  10:43  Zergling x14  
  177  10:46  Baneling x4  
  182  10:53  Baneling x3  
  182  10:54  Baneling x7  
  182  10:57  Zergling x18  
  150  11:15  Mutalisk x5  
  150  11:17  Zergling x18  
  141  11:22  Baneling x4  
  141  11:25  Hatchery  
  138  11:29  Mutalisk  
  137  11:33  Zergling x20  
  137  11:37  Zergling x2  
  137  11:39  Overseer  
  147  11:42  Adrenal Glands  
  147  11:43  Zergling x12  
  147  11:44  Queen  
  155  11:53  Baneling x3  
  155  11:54  Baneling x3, Zergling x12  
  157  12:00  Baneling x4  
  161  12:02  Zerg Flyer Weapons Level 2  
  161  12:06  Zergling x12  
  166  12:14  Zergling x2  
  166  12:15  Zergling x16  
  174  12:28  Zergling x2  
  174  12:29  Zergling x18  
  174  12:31  Baneling x4  
  174  12:37  Zergling x18  
  165  12:47  Zergling x18  
  165  12:48  Baneling  
  165  12:49  Baneling x5  
  165  12:50  Baneling x3  
  159  12:55  Zergling x10  
  159  12:58  Baneling x5  
  162  12:59  Overseer  
  157  13:07  Zergling x14  
  157  13:08  Baneling x2  
  162  13:37  Hatchery  
  158  13:42  Ultralisk Cavern  
  150  13:50  Zergling x16  
  139  13:59  Zergling x2  
  139  14:00  Zergling x24  
  135  14:04  Baneling  
  135  14:05  Baneling x7  
  135  14:07  Zergling x4  
  135  14:08  Zergling x2  
  138  14:15  Baneling  
Tags
 
Add a new tag
Caveats
  • Supply blocks, unpowered buildings, or Contaminate may cause inaccurate times.
  • Supply counts are checked every 10 seconds.